 Dungeon Crawl Stone Soup version 0.31.0-12-g77e489cdc1 (webtiles) character file.

Game seed: 11113765725442282343

2003 KKCryptic the Cleaver (level 9, -2/74 HPs)
             Began as a Minotaur Fighter on Feb 29, 2024.
             Was an Initiate of Ru.
             Slain by a two-headed ogre
             ... wielding a +0 giant club
              (27 damage)
             ... on level 6 of the Dungeon.
             The game lasted 00:20:52 (4695 turns).

KKCryptic the Cleaver (Minotaur Fighter)            Turns: 4695, Time: 00:20:53

Health: -2/74      AC:  9    Str: 31    XL:     9   Next: 2%
Magic:  8/8        EV:  9    Int:  5    God:    Ru [......]
Gold:   104        SH: 11    Dex: 16    Spells: 8/8 levels left

rFire   . . .        a - +1 war axe
rCold   + + .        f - +1 kite shield
rNeg    . . .        i - +0 chain mail
rPois   .            (helmet restricted)
rElec   .            (no cloak)
rCorr   +            (no gloves)
SInv    .            (no boots)
Will    .....        (no amulet) Stlth
                     d - ring of Life {rC++ Will- rCorr Dex+6}
HPRegen 0.32/turn    n - +6 ring of strength
MPRegen 0.11/turn

%: no passive effects
@: on berserk cooldown, enlightened, flying
A: horns 2, retaliatory headbutt, no forms
a: Renounce Religion


You were on level 6 of the Dungeon.
You worshipped Ru.
Ru was noncommittal.
You visited 2 branches of the dungeon, and saw 7 of its levels.
You also visited: Sewer.

You collected 288 gold pieces.
You spent 171 gold pieces at shops.
You donated 13 gold pieces to Zin.

Inventory:

Hand Weapons
 a - a +1 war axe (weapon)
Missiles
 j - 6 boomerangs (quivered)
 s - 4 datura-tipped darts
 t - 2 throwing nets
Armour
 f - a +1 kite shield (worn)
 i - a +0 chain mail (worn)
Jewellery
 b - a ring of positive energy
 d - the ring of Life (left hand) {rC++ Will- rCorr Dex+6}
   (You acquired it on level 6 of the Dungeon)

   [ring of dexterity]

   Dex+6:     It affects your dexterity (+6).
   rC++:      It greatly protects you from cold.
   Will-:     It decreases your willpower.
   rCorr:     It protects you from acid and corrosion.
 n - a +6 ring of strength (right hand)
Scrolls
 o - a scroll of fog
Potions
 m - 3 potions of cancellation
 r - 2 potions of curing
 u - a potion of heal wounds {unknown}
 w - a potion of magic {unknown}


   Skills:
 - Level 5.0 Fighting
 + Level 11.7 Axes
 + Level 3.2 Throwing
 - Level 5.0 Armour
 + Level 2.7 Dodging
 - Level 5.0 Shields


You had 8 spell levels left.
You didn't know any spells.
Your spell library contained the following spells:

 Spells                   Type           Power      Damage    Failure   Level
 Dazzling Flash           Conj/Hex       0%         N/A       100%        3
 Hailstorm                Conj/Ice       0%         3d5       100%        3
 Summon Ice Beast         Ice/Summ       0%         N/A       100%        3
 Volatile Blastmotes      Fire/Tloc      0%         2d10      100%        3
 Sculpt Simulacrum        Ice/Alch       0%         N/A       100%        6
 Starburst                Conj/Fire      0%         6d3       100%        6
 Maxwell's Capacitive Co  Air            0%         ∞         100%        8


Dungeon Overview and Level Annotations

Branches:
Dungeon (6/15)             Temple (1/1) D:4           Sewer (visited)

Altars:
Ashenzari
Dithmenos
Elyvilon
Fedhas
Gozag
Kikubaaqudgha
Makhleb
Nemelex Xobeh
Qazlal
Ru
Sif Muna
Trog
Uskayaw
Vehumet
Xom
Yredelemnul
Zin
The Shining One

Shops:
D:1 [:(


Innate Abilities, Weirdness & Mutations

You have a pair of horns on your head.
You reflexively headbutt those who attack you in melee.
You cannot voluntarily change form.


Message History

You feel yourself slow down.
You start resting.
An orc comes into view. It is wielding a +0 morningstar.
A two-headed ogre comes into view.
It is wielding a +0 giant club and a +0 dire flail.
The two-headed ogre shouts in stereo!
The two-headed ogre moves out of view.
You hit the orc. Your headbutt misses the orc.
The orc is moderately wounded.
The orc cheers loudly.
You block the orc's attack. x2
You barely miss the orc. Your headbutt misses the orc.
The orc is moderately wounded.
You block the orc's attack.
Okay, then.
Your magical effects are unravelling.
You feel magically purged.
You feel yourself speed up. The orc barely misses you.
The orc closely misses you.
A wight comes into view. It is wielding a +2 dagger.
You block the two-headed ogre's attack. x2
You aren't carrying any items that you can evoke.
Throw: 5 darts (datura)
Press: ? - help, Shift-Dir - straight line, f - orc
Aim: an orc, wielding a +0 morningstar (moderately wounded, 60% to hit, chance to frenzy on hit: 100%)
You throw a datura-tipped dart. The datura-tipped dart hits the orc.
The orc flies into a frenzy!
The orc is moderately wounded.
The orc hits you with a +0 morningstar!
Something hits the two-headed ogre!
Something barely misses the two-headed ogre.
It was a potion of enlightenment.
You feel very buoyant.
You fly up into the air.
The two-headed ogre barely misses you. You furiously retaliate!
You headbutt the two-headed ogre.
The two-headed ogre hits you with a +0 dire flail.
You feel a bit more experienced.
You barely miss the two-headed ogre.
The two-headed ogre is lightly wounded.
The two-headed ogre hits you with a +0 giant club!!
You die...

...... ##.####
##...# #.....#
#....# #..##.#
#..### #<..#.#
#.)..# #.#.#.#
#.#z#.## #.....# #
##.o.# ###.### ###O#
#####.### ##.@.#
#........
#.#.########.#...###
#............<......
#..#.#######.#...###
#..#.# #.#...# #
##...# #.#.### #
##..# #.#.##### ...#
#........ ....#
###.#####


You could see a two-headed ogre.

Vanquished Creatures
  A two-headed ogre (D:6)
  Grinder (D:3)
  A water moccasin (D:5)
  Pargi (Sewer)
  An ice beast (D:6)
  An ogre (D:5)
  3 phantoms
  A brain worm (Sewer)
  A gnoll sergeant (D:5)
  A scorpion (D:5)
  A bombardier beetle (D:2)
  A hound (D:4)
  A jelly (D:6)
  2 orc priests (D:4)
  2 orc wizards
  7 adders
  5 gnolls (D:5)
  A white imp (D:6)
  2 ufetubi (D:5)
  4 dart slugs
  5 ribbon worms
  19 orcs
  12 bats
  7 endoplasms
  3 giant cockroaches (D:2)
  5 goblins
  5 hobgoblins
  9 jackals
  5 kobolds
  2 quokkas
  8 ball pythons
  2 frilled lizards (D:2)
  10 rats
130 creatures vanquished.

Vanquished Creatures (others)
  An orc (D:6)
1 creature vanquished.

Grand Total: 131 creatures vanquished

Notes
Turn   | Place    | Note
-------+----------+-------------------------------------------
     0 | D:1      | KKCryptic the Minotaur Fighter began the quest for the Orb.
     0 | D:1      | Reached XP level 1. HP: 19/19 MP: 0/0
     2 | D:1      | Found Capt's Book Emporium.
    79 | D:1      | Found Issuhid's Antique Weapon Emporium.
   108 | D:1      | Found Boacw's Antique Armour Shoppe.
   125 | D:1      | Reached XP level 2. HP: 27/27 MP: 1/1
   491 | D:2      | Noticed a bombardier beetle
   502 | D:2      | Killed a bombardier beetle
   503 | D:2      | Reached skill level 4 in Axes
   503 | D:2      | Reached XP level 3. HP: 33/33 MP: 2/2
   723 | D:2      | Reached XP level 4. HP: 40/40 MP: 3/3
   939 | D:2      | Reached skill level 1 in Throwing
   963 | D:2      | Found a shimmering altar of Xom.
  1063 | D:2      | Found a faded altar of an unknown god.
  1387 | D:3      | Found a glowing silver altar of Zin.
  1522 | D:3      | Became a worshipper of Zin the Law-Giver
  1522 | D:3      | Reached * piety under Zin
  1585 | D:3      | Noticed Grinder
  1600 | D:3      | Killed Grinder
  1601 | D:3      | Reached skill level 6 in Axes
  1601 | D:3      | Reached XP level 5. HP: 42/46 MP: 4/4
  1601 | D:3      | Reached XP level 6. HP: 47/52 MP: 5/5
  2091 | D:4      | Found a burning altar of Makhleb.
  2099 | D:4      | Reached skill level 7 in Axes
  2275 | D:4      | Reached skill level 8 in Axes
  2380 | D:4      | Reached XP level 7. HP: 59/59 MP: 6/6
  2395 | D:4      | Found a staircase to the Ecumenical Temple.
  2402 | Temple   | Entered the Ecumenical Temple
  2471 | Temple   | Fell from the grace of Zin
  2471 | Temple   | Became a worshipper of Ru the Awakened
  2615 | D:4      | Identified the +9 falchion of Fortitude {protect, ^Contam
                  | rC+ MP+9}
  2761 | D:5      | Entered Level 5 of the Dungeon
  2813 | D:5      | Found a glowing drain.
  2828 | Sewer    | Entered a sewer
  2884 | Sewer    | Reached skill level 9 in Axes
  2889 | Sewer    | Noticed Pargi
  2895 | Sewer    | Killed Pargi
  2985 | D:5      | Reached skill level 10 in Axes
  3254 | D:5      | Reached XP level 8. HP: 46/66 MP: 7/7
  3261 | D:5      | HP: 1/66 [ribbon worm (4)]
  3438 | D:5      | Reached skill level 11 in Axes
  3740 | D:5      | Gained mutation: You cannot voluntarily change form. [Ru
                  | sacrifice]
  4183 | D:6      | Identified a scroll of acquirement
  4183 | D:6      | Acquired the ring of Life {rC++ Will- rCorr Dex+6}
  4363 | D:1      | Bought a bloodstained scale mail for 171 gold pieces
  4363 | D:1      | Identified the +2 scale mail "Kuomiog" {rF- Int+3 Dex+9}
                  | (You bought it in a shop on level 1 of the Dungeon)
  4547 | D:6      | Reached skill level 1 in Dodging
  4667 | D:6      | Noticed a two-headed ogre
  4679 | D:6      | Killed a two-headed ogre
  4680 | D:6      | Reached skill level 5 in Fighting
  4680 | D:6      | Reached skill level 5 in Armour
  4680 | D:6      | Reached skill level 5 in Shields
  4680 | D:6      | Reached XP level 9. HP: 51/74 MP: 8/8
  4688 | D:6      | Noticed a two-headed ogre
  4695 | D:6      | Slain by a two-headed ogre

Illustrated notes

Levels and vault maps discovered:
D:1:      dpeg_arrival_tiny_h, layout_rooms, serial_shops, shop, shop, shop,
          interstate_on_off, feat_on_display
D:2:      layout_basic, basic_altar, shapermc_ecumenical_altar_mp_urbaneastern,
          serial_park_tiny_1, grunt_decor_arrowhead, minivault_24,
          minmay_box_of_dots
D:3:      layout_loops_ring, zin_academy, corexii_leaking_fountain, uniq_grinder
D:4:      layout_rooms, makhleb_heckhound_becter, temple_green
D:5:      layout_basic, cheibrodos_sewer_entry_bend,
          nicolae_kite_square_tiling_tiny
D:6:      layout_loops_corners, nicolae_overflow_squiral,
          minmay_manual_monstrance, uniq_crazy_yiuf_cottage
Temple:   minmay_temple_bridge_d

Skill      XL: |  1  2  3  4  5  6  7  8 |
---------------+-------------------------+-----
Fighting       | 4 5 |  5.0
Axes           | 4 6 8 10 11 | 11.7
Armour         | 4 5 |  5.0
Shields        | 4 5 |  5.0
Throwing       | 2 3 |  3.2
Dodging        | 2 |  2.7

Action                     |  1- 3 |  4- 6 |  7- 9 || total
---------------------------+-------+-------+-------++-------
  Melee: War axe           |    59 |   117 |   126 ||   302
         Headbutt          |     8 |    11 |    13 ||    32
  Throw: Boomerang         |       |     3 |     8 ||    11
         Dart              |       |       |     1 ||     1
 Invoke: Recite            |       |     2 |       ||     2
         Sacrifice Forms   |       |       |     1 ||     1
    Use: Scroll            |       |     1 |    13 ||    14
         Potion            |       |     1 |     8 ||     9
   Stab: Confused          |       |     1 |       ||     1
 Armour: Scale mail        |     4 |       |       ||     4
         Chain mail        |    29 |    95 |   112 ||   236
         Skin              |       |       |    14 ||    14
  Dodge: Dodged            |    27 |    43 |    53 ||   123
  Block: Buckler           |    12 |    24 |    15 ||    51
         Kite shield       |       |       |    17 ||    17
